 Dungeon Crawl Stone Soup version 0.27.0-1-g7a08968 (webtiles) character file.

Game seed: 14731697318236544328

37 emme the Ducker (level 3, -2/27 HPs)
             Began as a Demonspawn Gladiator on July 31, 2021.
             Slain by Terence (4 damage)
             ... on level 2 of the Dungeon.
             The game lasted 00:01:49 (889 turns).

emme the Ducker (Demonspawn Gladiator)               Turns: 889, Time: 00:01:49

Health: -2/27      AC:  4    Str: 14    XL:     3   Next: 21%
Magic:  3/3        EV: 12    Int:  9    God:
Gold:   14         SH:  4    Dex: 15    Spells: 2/2 levels left

rFire    . . .     SeeInvis .   a - +0 war axe
rCold    . . .     Faith    .   (no shield)
rNeg     . . .     Spirit   .   b - +0 leather armour
rPois    .         Reflect  .   c - +0 helmet
rElec    .         Harm     .   (no cloak)
rCorr    .         Rampage  .   (no gloves)
Will     .....                  (no boots)
Stlth    +.........             (no amulet)
HPRegen  0.09/turn              (no ring)
MPRegen  0.16/turn              (no ring)

@: no status effects
A: large bone plates 1, magic regeneration
a: no special abilities


You were on level 2 of the Dungeon.
You visited 1 branch of the dungeon, and saw 2 of its levels.

You collected 14 gold pieces.

Inventory:

Hand Weapons
 a - a +0 war axe (weapon)
Missiles
 d - 3 throwing nets (quivered)
Armour
 b - a +0 leather armour (worn)
 c - a +0 helmet (worn)
Jewellery
 k - a ring of poison resistance
Scrolls
 e - a scroll of silence {unknown}
 f - a scroll of enchant armour {unknown}
 h - 3 scrolls of identify {unknown}
 i - a scroll of holy word {unknown}
Potions
 g - a potion of curing {unknown}
 j - a potion of haste {unknown}


   Skills:
 + Level 2.0 Fighting
 + Level 3.1 Axes
 + Level 1.9 Throwing
 + Level 1.0 Armour
 + Level 3.2 Dodging


You had 2 spell levels left.
You didn't know any spells.
Your spell library was empty.

Dungeon Overview and Level Annotations

Branches:
Dungeon (2/15)

Altars:

Annotations:
D:2 Terence


Innate Abilities, Weirdness & Mutations

You are partially covered in large bone plates. (SH +4)
You regenerate magic rapidly.


Message History

You barely miss the ball python. The ball python closely misses you.
The ball python grabs you. The ball python constricts you.
The ball python bites you but does no damage.
The ball python constricts you.
You hit the ball python.
You kill the ball python!
You see here a ball python corpse.
HP restored.
i - a scroll labelled SUANAR WOQUESO
h - 3 scrolls labelled CITTUX CADWU (gained 1)
There is a stone staircase leading down here.
j - a fuming grey potion
k - a ring of poison resistance A rat comes into view.
A rat is nearby!
Terence the Incautious comes into view.
He is wielding a +0 short sword.
The rat closely misses you.
Found 12 gold pieces.
Terence shouts!
You block the rat's attack.
Terence drinks a potion.
Terence flickers and vanishes!
Deactivating autopickup; reactivate with Ctrl-A.
The rat barely misses you. The rat closely misses you.
You slash the rat!
You kill the rat!
Something hits you!
You see here a rat corpse.
You closely miss something. Something completely misses you.
You hit something. Something hits you.
You miss something. Something hits you. x2
You hit something but do no damage. Something hits you.
* * * LOW HITPOINT WARNING * * *
You closely miss something. Something hits you.
* * * LOW HITPOINT WARNING * * *
You slash something! Something hits you.
* * * LOW HITPOINT WARNING * * *
You block something's attack.
You hit something but do no damage. Something hits you.
You die...

.######## #..#
........#.#####..#
.................#
###########.###.##
# #.# .#. #.# .P..
#.# .
#...##.#####... .P
#......@{....# #.
#..###.#####... P.
$P......#
.#..####. # .# .#
.# .# ##


There were no monsters in sight!

Vanquished Creatures
  A dart slug (D:1)
  6 bats
  5 endoplasms
  2 giant cockroaches (D:1)
  2 hobgoblins
  2 jackals (D:1)
  3 ball pythons
  3 frilled lizards
  2 kobolds (D:1)
  7 rats
33 creatures vanquished.

Notes
Turn   | Place    | Note
-------+----------+-------------------------------------------
     0 | D:1      | emme the Demonspawn Gladiator began the quest for the Orb.
     0 | D:1      | Reached XP level 1. HP: 16/16 MP: 1/1
   152 | D:1      | Gained mutation: You are partially covered in large bone
                  | plates. (SH +4) [demonic ancestry]
   152 | D:1      | Reached XP level 2. HP: 22/22 MP: 2/2
   529 | D:1      | Gained mutation: You regenerate magic rapidly. [demonic
                  | ancestry]
   529 | D:1      | Reached XP level 3. HP: 27/27 MP: 3/3
   745 | D:2      | Reached skill level 1 in Armour
   877 | D:2      | Noticed Terence
   889 | D:2      | Slain by Terence

Illustrated notes

Levels and vault maps discovered:
D:1:      onia_arrival_handbag, layout_basic
D:2:      layout_loops_ring, shapermc_ecumenical_altar_mp_urbaneastern,
          serial_bayou_pond_d, uniq_crazy_yiuf_cottage, uniq_terence

Skill      XL: |  1  2  3 |
---------------+----------+-----
Dodging        | 3 |  3.2
Axes           | 3 |  3.1
Armour         | 1 |  1.0
Fighting       | |  2.0
Throwing       | |  1.9

Action                   || total
-------------------------++-------
Melee: War axe           ||    72
Armor: Leather armour    ||    32
Dodge: Dodged            ||    60
Block: Other             ||    16
